AA SOUTH
TENNESSEE SMOKIES @ JACKSON GENERALS
05/07/2042
 
TOP OF THE 1ST
Tennessee Smokies batting - Pitching for Jackson Generals : RHP Tim Cox
Pitching: RHP Tim Cox
Batting: RHB Dave Scott 0-0: Ground out 6-3 (Groundball, 56, EV 82.5 MPH)
Batting: RHB Simone Cigala 0-0: Ball
1-0: Called Strike
1-1: Ball
2-1: Swinging Strike
2-2: Strikes out swinging
Batting: LHB Johnathan Alexander 0-0: Ball
1-0: Ball
2-0: Foul Ball, location: 2RF
2-1: Foul Ball, location: 5SF
2-2: Ball
3-2: Strikes out swinging
Top of the 1st over - 0 runs, 0 hits, 0 errors, 0 left on base; Tennessee 0 - Jackson 0
BOTTOM OF THE 1ST
Jackson Generals batting - Pitching for Tennessee Smokies : RHP Adrián Chávez
Pitching: RHP Adrián Chávez
Batting: LHB José Cordero 0-0: Called Strike
0-1: Swinging Strike
0-2: Strikes out swinging
Batting: LHB Dan Lynch 0-0: Fly out, F8 (Flyball, 8LXD, EV 89.4 MPH)
Batting: RHB Gill Salvador 0-0: Ball
1-0: Ball
2-0: Reached on error, E3 (Groundball, 34, EV 108.8 MPH)
Batting: LHB Héctor Espinoza 0-0: Ball
1-0: Foul Ball, location: 5F
1-1: Ball
2-1: Foul Ball, location: 3F
2-2: Strikes out looking
Bottom of the 1st over - 0 runs, 0 hits, 1 error, 1 left on base; Tennessee 0 - Jackson 0
TOP OF THE 2ND
Tennessee Smokies batting - Pitching for Jackson Generals : RHP Tim Cox
Batting: RHB Dewitt Bass 0-0: Ball
1-0: Called Strike
1-1: Ball
2-1: Foul Ball, location: 23F
2-2: Strikes out swinging
Batting: LHB Norberto Liñares 0-0: Ball
1-0: Ball
2-0: Foul Ball, location: 2F
2-1: Ball
3-1: Base on Balls
Batting: RHB Pepe Vega 0-0: Ball
Norberto Liñares is caught stealing 2nd base 2-4
1-0: Ball
2-0: Called Strike
2-1: Ball
3-1: Base on Balls
Batting: LHB Manny Tapia 0-0: Swinging Strike
0-1: Ball
1-1: Ball
2-1: Ball
3-1: Called Strike
3-2: SINGLE (Groundball, 34S, EV 85.0 MPH) (infield hit)
Pepe Vega to second
Batting: RHB Clint Rice 0-0: Fielders Choice at 2nd, 6-4 (Groundball, 6, EV 90.6 MPH)
Top of the 2nd over - 0 runs, 1 hit, 0 errors, 2 left on base; Tennessee 0 - Jackson 0
BOTTOM OF THE 2ND
Jackson Generals batting - Pitching for Tennessee Smokies : RHP Adrián Chávez
Batting: RHB Leon Rice 0-0: Ball
1-0: Called Strike
1-1: Ground out 1-3 (Groundball, 25, EV 73.8 MPH)
Batting: LHB Mike Lowe 0-0: Swinging Strike
0-1: Ball
1-1: Foul Ball, location: 2F
1-2: Fly out, F9 (Flyball, 89D, EV 91.3 MPH)
Batting: RHB Jim Sinclair 0-0: Called Strike
0-1: Ball
1-1: Ground out 5-3 (Groundball, 56, EV 100.6 MPH)
Bottom of the 2nd over - 0 runs, 0 hits, 0 errors, 0 left on base; Tennessee 0 - Jackson 0
TOP OF THE 3RD
Tennessee Smokies batting - Pitching for Jackson Generals : RHP Tim Cox
Batting: RHB Jorge Colón 0-0: Ball
1-0: Ball
2-0: Ground out 6-3 (Groundball, 56, EV 86.9 MPH)
Batting: RHB Dave Scott 0-0: Ball
1-0: Ball
2-0: Called Strike
2-1: Foul Ball, location: 5F
2-2: Ball
3-2: Strikes out swinging
Batting: RHB Simone Cigala 0-0: Fly out, F9 (Flyball, 9D, EV 91.9 MPH)
Top of the 3rd over - 0 runs, 0 hits, 0 errors, 0 left on base; Tennessee 0 - Jackson 0
BOTTOM OF THE 3RD
Jackson Generals batting - Pitching for Tennessee Smokies : RHP Adrián Chávez
Batting: LHB Kevin Parker 0-0: Fly out, F8 (Flyball, 8RM, EV 95.0 MPH)
Batting: RHB Artie McIntosh 0-0: Called Strike
0-1: Ball
1-1: Ball
2-1: Called Strike
2-2: SOLO HOME RUN (Flyball, 7D, EV 95.6 MPH), Distance : 361 ft
Batting: LHB José Cordero 0-0: Swinging Strike
0-1: Ball
1-1: Ball
2-1: Called Strike
2-2: Hit by Pitch
Batting: LHB Dan Lynch 0-0: Called Strike
0-1: Fly out, F6 (Popup, 6, EV 58.1 MPH)
Batting: RHB Gill Salvador 0-0: Ball
José Cordero is caught stealing 2nd base 2-4
Bottom of the 3rd over - 1 run, 1 hit, 0 errors, 0 left on base; Tennessee 0 - Jackson 1
TOP OF THE 4TH
Tennessee Smokies batting - Pitching for Jackson Generals : RHP Tim Cox
Batting: LHB Johnathan Alexander 0-0: SINGLE (Line Drive, 6M, EV 98.1 MPH)
Batting: RHB Dewitt Bass 0-0: Ball
1-0: Swinging Strike
1-1: Sac Bunt to 3S - play at first, batter OUT! 3-1
Johnathan Alexander to second
Batting: LHB Norberto Liñares 0-0: Called Strike
0-1: Ball
1-1: Ball
2-1: Ball
3-1: Base on Balls
Batting: RHB Pepe Vega 0-0: Ball
1-0: Ball
2-0: Called Strike
2-1: Ball
3-1: Grounds into double play, 6-4-3 (Groundball, 56D, EV 103.1 MPH)
Top of the 4th over - 0 runs, 1 hit, 0 errors, 1 left on base; Tennessee 0 - Jackson 1
BOTTOM OF THE 4TH
Jackson Generals batting - Pitching for Tennessee Smokies : RHP Adrián Chávez
Batting: RHB Gill Salvador 0-0: Swinging Strike
0-1: Ball
1-1: Ball
2-1: SINGLE (Groundball, 4MD, EV 100.0 MPH)
Batting: LHB Héctor Espinoza 0-0: Ball
1-0: Foul Ball, location: 7LMF
1-1: Foul Ball, location: 2F
1-2: Fly out, F8 (Flyball, 89S, EV 80.6 MPH)
Batting: RHB Leon Rice 0-0: Ball
1-0: Fly out, F8 (Flyball, 8LS, EV 88.1 MPH)
Batting: LHB Mike Lowe 0-0: Ball
1-0: Ball
2-0: Ball
3-0: Called Strike
3-1: Called Strike
3-2: Fly out, F7 (Flyball, 7LS, EV 80.6 MPH)
Bottom of the 4th over - 0 runs, 1 hit, 0 errors, 1 left on base; Tennessee 0 - Jackson 1
TOP OF THE 5TH
Tennessee Smokies batting - Pitching for Jackson Generals : RHP Tim Cox
Batting: LHB Manny Tapia 0-0: Ball
1-0: Called Strike
1-1: Foul Ball, location: 5F
1-2: Strikes out swinging
Batting: RHB Clint Rice 0-0: Ball
1-0: Called Strike
1-1: Ground out 6-3 (Groundball, 6, EV 79.4 MPH)
Batting: RHB Jorge Colón 0-0: Foul Ball, location: 3FF
0-1: Ball
1-1: Foul Ball, location: 9LSF
1-2: Ball
2-2: Strikes out looking
Top of the 5th over - 0 runs, 0 hits, 0 errors, 0 left on base; Tennessee 0 - Jackson 1
BOTTOM OF THE 5TH
Jackson Generals batting - Pitching for Tennessee Smokies : RHP Adrián Chávez
Batting: RHB Jim Sinclair 0-0: Called Strike
0-1: Ball
1-1: SINGLE (Groundball, 6MD, EV 102.5 MPH)
Batting: LHB Kevin Parker 0-0: Sac Bunt to 13S - play at first, batter OUT! 1-3
Jim Sinclair to second
Batting: RHB Artie McIntosh 0-0: Ball
1-0: Ball
2-0: Ground out 6-3 (Groundball, 6, EV 105.0 MPH)
Jim Sinclair to third
Batting: LHB José Cordero 0-0: Ball
1-0: Foul Ball, location: 7LMF
1-1: Called Strike
1-2: Fly out, F9 (Flyball, 89S, EV 93.8 MPH)
Bottom of the 5th over - 0 runs, 1 hit, 0 errors, 1 left on base; Tennessee 0 - Jackson 1
TOP OF THE 6TH
Tennessee Smokies batting - Pitching for Jackson Generals : RHP Tim Cox
Batting: RHB Dave Scott 0-0: Ball
1-0: Bunt missed!
1-1: Ball
2-1: Ball
3-1: Foul Ball, location: 2F
3-2: Foul Ball, location: 2F
3-2: Base on Balls
Batting: RHB Simone Cigala 0-0: Bunt - Flyout to 23! F3
Batting: LHB Johnathan Alexander 0-0: Swinging Strike
0-1: Ball
1-1: Ball
2-1: Ball
Dave Scott steals 2nd base
3-1: Foul Ball, location: 7LMF
3-2: Ground out 4-3 (Groundball, 34, EV 96.9 MPH)
Dave Scott to third
Batting: RHB Dewitt Bass 0-0: Ball
1-0: DOUBLE (Line Drive, 89D, EV 110.6 MPH)
Dave Scott scores
Batting: LHB Norberto Liñares 0-0: Called Strike
0-1: Reached via error on a dropped throw from 2B, E3 (Groundball, 4, EV 91.9 MPH)
Dewitt Bass to third
Batting: RHB Pepe Vega 0-0: Called Strike
Norberto Liñares is caught stealing 2nd base 2-4
Top of the 6th over - 1 run, 1 hit, 1 error, 1 left on base; Tennessee 1 - Jackson 1
BOTTOM OF THE 6TH
Jackson Generals batting - Pitching for Tennessee Smokies : RHP Adrián Chávez
Batting: LHB Dan Lynch 0-0: Ball
1-0: Ball
2-0: SINGLE (Groundball, 2L, EV 66.3 MPH) (infield hit)
Batting: RHB Gill Salvador 0-0: Ball
Dan Lynch steals 2nd base
1-0: Ball
2-0: Fly out, F9 (Flyball, 9D, EV 95.6 MPH)
Runner from 2nd tags up, SAFE at 3rd, no throw by RF
Batting: LHB Héctor Espinoza 0-0: Foul Ball, location: 2F
0-1: Foul Ball, location: 2F
0-2: Strikes out swinging
Batting: RHB Leon Rice 0-0: Called Strike
0-1: Called Strike
0-2: 2-RUN HOME RUN (Flyball, 7LD, EV 95.6 MPH), Distance : 337 ft
Batting: LHB Mike Lowe 0-0: Called Strike
0-1: Foul Ball, location: 5SF
0-2: Strikes out swinging
Bottom of the 6th over - 2 runs, 2 hits, 0 errors, 0 left on base; Tennessee 1 - Jackson 3
TOP OF THE 7TH
Tennessee Smokies batting - Pitching for Jackson Generals : RHP Tim Cox
Batting: RHB Pepe Vega 0-0: Ball
1-0: Ground out 6-3 (Groundball, 6, EV 89.4 MPH)
Batting: LHB Manny Tapia 0-0: Foul Ball, location: 25F
0-1: Called Strike
0-2: Fly out, F8 (Flyball, 8RM, EV 90.0 MPH)
Batting: RHB Clint Rice 0-0: Ball
1-0: Ground out 5-3 (Groundball, 5S, EV 86.3 MPH)
Top of the 7th over - 0 runs, 0 hits, 0 errors, 0 left on base; Tennessee 1 - Jackson 3
BOTTOM OF THE 7TH
Jackson Generals batting - Pitching for Tennessee Smokies : RHP Adrián Chávez
Batting: RHB Jim Sinclair 0-0: Foul Ball, location: 2F
0-1: Fly out, F9 (Line Drive, 9LM, EV 88.1 MPH)
Pitching: RHP Lou Marshall
Batting: LHB Kevin Parker 0-0: Called Strike
0-1: Ball
1-1: Ball
2-1: Foul Ball, location: 2F
2-2: Strikes out looking
Batting: RHB Artie McIntosh 0-0: DOUBLE (Flyball, 9LD, EV 105.6 MPH)
Batting: LHB José Cordero 0-0: Ball
1-0: Ball
2-0: Ball
3-0: Base on Balls
Batting: LHB Dan Lynch 0-0: Ball
1-0: DOUBLE (Line Drive, 78XD, EV 108.1 MPH)
Artie McIntosh scores
José Cordero to third
Runner from 3rd tries for Home, SAFE, throw by CF to home
Batting: RHB Gill Salvador 0-0: Fly out, F9 (Flyball, 9S, EV 80.6 MPH)
Bottom of the 7th over - 2 runs, 2 hits, 0 errors, 1 left on base; Tennessee 1 - Jackson 5
TOP OF THE 8TH
Tennessee Smokies batting - Pitching for Jackson Generals : RHP Tim Cox
Batting: RHB Jorge Colón 0-0: Called Strike
0-1: Swinging Strike
0-2: Strikes out swinging
Pitching: RHP Leonidas Calpis
Pinch Hitting: LHB Deron Hatfield 0-0: Ball
1-0: Ball
2-0: Ball
3-0: Called Strike
3-1: Ground out 6-3 (Groundball, 6S, EV 93.1 MPH)
Batting: RHB Simone Cigala 0-0: Ground out 6-3 (Groundball, 6, EV 91.9 MPH)
Top of the 8th over - 0 runs, 0 hits, 0 errors, 0 left on base; Tennessee 1 - Jackson 5
BOTTOM OF THE 8TH
Jackson Generals batting - Pitching for Tennessee Smokies : RHP Lou Marshall
Now in CF: Deron Hatfield
Batting: LHB Héctor Espinoza 0-0: Ground out 6-3 (Groundball, 6, EV 82.5 MPH)
Batting: RHB Leon Rice 0-0: Called Strike
0-1: Swinging Strike
0-2: Ball
1-2: Strikes out swinging
Batting: LHB Mike Lowe 0-0: Fly out, F8 (Flyball, 8RD, EV 103.1 MPH)
Bottom of the 8th over - 0 runs, 0 hits, 0 errors, 0 left on base; Tennessee 1 - Jackson 5
TOP OF THE 9TH
Tennessee Smokies batting - Pitching for Jackson Generals : RHP Leonidas Calpis
Pitching: RHP José Ventura
Batting: LHB Johnathan Alexander 0-0: Foul Ball, location: 2F
0-1: Foul Ball, location: 9LDF
0-2: Ball
1-2: Ball
2-2: Fly out, F7 (Flyball, 78S, EV 93.1 MPH)
Batting: RHB Dewitt Bass 0-0: Ball
1-0: Foul Ball, location: 3FF
1-1: Ball
2-1: Ground out 5-3 (Groundball, 56S, EV 83.1 MPH)
Batting: LHB Norberto Liñares 0-0: Ball
1-0: Ball
2-0: Foul Ball, location: 2F
2-1: Foul Ball, location: 7LDF
2-2: Ball
3-2: Fly out, F8 (Flyball, 8LM, EV 78.1 MPH)
Top of the 9th over - 0 runs, 0 hits, 0 errors, 0 left on base; Tennessee 1 - Jackson 5
Friday, May 3rd , 2024 - OOTP Baseball 24.10 Build 82